 Dungeon Crawl Stone Soup version 0.18.1-8-gdd0e5ea (webtiles) character file.

429 M4edhros the Sneak (level 6, -8/36 HPs)
             Began as an Octopode Necromancer on May 23, 2016.
             Was an Initiate of Cheibriados.
             Mangled by a wight
             ... wielding a cursed +0 halberd
              (14 damage)
             ... on level 6 of the Dungeon.
             The game lasted 00:13:13 (1776 turns).

M4edhros the Sneak (Octopode Necromancer)           Turns: 1776, Time: 00:13:14

Health: -8/36      AC:  1    Str:  8    XL:     6   Next: 98%
Magic:  9/9        EV: 12    Int: 18    God:    Cheibriados [......]
Gold:   173        SH:  0    Dex: 16    Spells: 3 memorised, 4 levels left

rFire  . . .     SeeInvis .       - Unarmed
rCold  . . .     Gourm    .     (no shield)
rNeg   . . .     Faith    .     (helmet restricted)
rPois  .         Spirit   .     (no amulet)
rElec  .         Dismiss  .     (no ring)
rCorr  .         Reflect  .     (no ring)
SustAt .         Harm     .     (no ring)
MR     .....                    (no ring)
Stlth  +++++.....               (no ring)
                                (no ring)
                                (no ring)
                                (no ring)

@: drained, very slow, not resistant to hostile enchantments, quite stealthy
A: almost no armour, amphibious, 8 rings, constrict 8, camouflage 1, gelatinous
body 1
a: Bend Time, Renounce Religion


You were on level 6 of the Dungeon.
You worshipped Cheibriados.
Cheibriados was noncommittal.
You were not hungry.

You visited 2 branches of the dungeon, and saw 7 of its levels.

You collected 173 gold pieces.

Inventory:

Hand Weapons
 e - a +0 hunting sling
Missiles
 f - 154 stones (quivered)
 s - 2 tomahawks
Armour
 m - a +0 buckler
Rods
 q - a +5 rod of inaccuracy (2/13)
   (You found it on level 4 of the Dungeon)
Wands
 n - a wand of polymorph (9/24)
Scrolls
 c - a scroll of noise
 d - 2 scrolls of teleportation
 g - a scroll of amnesia {unknown}
 j - a scroll of random uselessness {unknown}
 k - a scroll of remove curse {unknown}
 l - a scroll of blinking {unknown}
Potions
 o - a potion of flight
 p - a potion of heal wounds
Books
 a - a book of Necromancy

   Spells                             Type                      Level
   a - Pain                           Necromancy                   1
   b - Animate Skeleton               Necromancy                   1
   c - Vampiric Draining              Necromancy                   3
   d - Regeneration                   Charms/Necromancy            3
   e - Animate Dead                   Necromancy                   4
   f - Control Undead                 Necromancy                   4
 h - a book of Ice

   Spells                             Type                      Level
   a - Ice Form                       Ice/Transmutation            4
   b - Metabolic Englaciation         Hexes/Ice                    5
   c - Ozocubu's Refrigeration        Ice                          6
   d - Bolt of Cold                   Conjuration/Ice              6
   e - Freezing Cloud                 Conjuration/Ice/Air          6
   f - Simulacrum                     Ice/Necromancy               6
Comestibles
 b - 5 bread rations
 i - 3 meat rations
 r - a slice of pizza
 u - a royal jelly


   Skills:
 - Level 2.0(1.2) Dodging
 * Level 7.1(6.3) Stealth
 + Level 4.5(3.7) Unarmed Combat
 - Level 2.0(1.2) Spellcasting
 - Level 4.0(3.2) Necromancy
 + Level 1.9(1.2) Evocations


You had 4 spell levels left.
You knew the following spells:

 Your Spells              Type           Power        Failure   Level  Hunger
a - Pain                  Necr           ##..         6%          1    ##.....
b - Animate Skeleton      Necr           N/A          6%          1    ##.....
r - Regeneration          Chrm/Necr      #.........   34%         3    ####...


Dungeon Overview and Level Annotations

Branches:
Dungeon (6/15)             Temple (1/1) D:5

Altars:
Cheibriados
Dithmenos
Fedhas
Gozag
Makhleb
Nemelex Xobeh
Okawaru
Ru
Sif Muna
Vehumet
Yredelemnul
Zin

Annotations:
D:6 Eustachio


Innate Abilities, Weirdness & Mutations

You cannot wear most types of armour.
You are amphibious.
You can wear up to eight rings at the same time.
You can use your tentacles to constrict eight enemies at once.
Your skin changes colour to match your surroundings (Stealth).
Your rubbery body absorbs attacks (AC +1).


Message History

Casting: Animate Skeleton
Confirm with . or Enter, or press ? or * to list all spells.
Okay, then.
Drink which item? (? for menu, Esc to quit)
It was a potion of ambrosia.
You are confused.
You feel invigorated.
You are now empty-tentacled.
The wight barely misses you.
You're too confused to move!
The wight barely misses you.
You bump into the rock wall.
You feel less invigorated.
You feel less confused. The wight closely misses you.
The wight hits you with an enchanted battleaxe!
You feel drained. The wight hits you with a halberd!
* * * LOW HITPOINT WARNING * * *
You feel drained.
The wight hits you from afar with a halberd!
You die...

#.. #.# #.# .# #.#
.# #.# .# #..
#.##.##### ###.#
#.#....... ..#.#
.. #.#...# #.#.#
...### #@....#
#.#.#
......##z....####
#.#.#
#.....z.......
#.#..
...^.#......###.#
#.... ..##
#.##.#####. #..##
#.##)##... #..#
#.##.##.## #..#
#.##.#...######..#
#.##...#.........#


You could see 2 wights.

Vanquished Creatures
  An ogre (D:4)
  A wight (D:6)
  2 crimson imps
  A centaur zombie (D:5)
  An orc priest (D:5)
  A centaur skeleton (D:5)
  A worker ant (D:4)
  2 gnolls (D:4)
  3 adders
  A worm (D:2)
  3 dart slugs
  2 giant geckos
  4 orcs
  A bat (D:1)
  3 giant cockroaches
  7 hobgoblins
  4 jackals (D:5)
  3 quokkas
  A ball python (D:4)
  3 giant newts
  2 goblins
  3 kobolds (D:1)
  6 rats
56 creatures vanquished.

Vanquished Creatures (collateral kills)
  An iguana (D:5)
  A worker ant (D:4)
  2 gnolls (D:4)
  A dart slug (D:1)
  A hobgoblin (D:1)
  A kobold (D:1)
7 creatures vanquished.

Grand Total: 63 creatures vanquished

Notes
Turn   | Place    | Note
--------------------------------------------------------------
     0 | D:1      | M4edhros the Octopode Necromancer began the quest for the Orb.
     0 | D:1      | Reached XP level 1. HP: 11/11 MP: 3/3
    81 | D:2      | Reached skill level 1 in Unarmed Combat
    94 | D:2      | Learned a level 1 spell: Animate Skeleton
   171 | D:1      | Reached XP level 2. HP: 9/17 MP: 3/5
   383 | D:1      | Reached XP level 3. HP: 2/21 MP: 3/6
   404 | D:1      | Learned a level 3 spell: Regeneration
   899 | D:4      | Identified a +5 rod of inaccuracy (13/13) (You found it on level 4 of the Dungeon)
   900 | D:4      | omnomnom, nice!
   910 | D:4      | Reached skill level 3 in Stealth
   910 | D:4      | Reached XP level 4. HP: 26/27 MP: 4/7
   973 | D:4      | Noticed an ogre
  1080 | D:4      | Killed an ogre
  1080 | D:4      | Reached skill level 5 in Stealth
  1080 | D:4      | Reached XP level 5. HP: 25/31 MP: 8/8
  1195 | D:5      | Entered Level 5 of the Dungeon
  1213 | D:5      | Reached XP level 6. HP: 35/36 MP: 9/9
  1332 | D:5      | Found a staircase to the Ecumenical Temple.
  1337 | Temple   | Entered the Ecumenical Temple
  1364 | Temple   | Became a worshipper of Cheibriados the Contemplative
  1411 | D:5      | Reached skill level 6 in Stealth
  1469 | D:5      | Reached skill level 1 in Evocations
  1681 | D:6      | Noticed Eustachio
  1760 | D:6      | Reached skill level 7 in Stealth
  1776 | D:6      | Mangled by a wight

Skill      XL: |  1  2  3  4  5  6 |
---------------+-------------------+-----
Unarmed Combat | 1 2 3 4 |  4.5
Stealth        | 3 5 7 |  7.1
Evocations     | 1 |  1.9
Dodging        | |  2.0
Spellcasting   | |  2.0
Necromancy     | |  4.0

Action                   |  1- 3 |  4- 6 || total
-------------------------+-------+-------++-------
Melee: Unarmed           |    55 |    79 ||   134
       Constrict         |    18 |    16 ||    34
       Tentacles         |    11 |    13 ||    24
       Punch             |       |     1 ||     1
 Cast: Pain              |    23 |       ||    23
       Animate Skeleton  |     6 |     8 ||    14
       Regeneration      |     2 |    10 ||    12
Evoke: Rod               |       |    15 ||    15
  Use: Potion            |     3 |     2 ||     5
       Scroll            |       |     4 ||     4
 Stab: Sleeping          |     6 |     2 ||     8
       Invisible         |       |     3 ||     3
  Eat: Chunk             |     1 |     7 ||     8
Armor: Skin              |     5 |     4 ||     9
Dodge: Dodged            |    31 |    48 ||    79
